 Dungeon Crawl Stone Soup version 0.26.0-10-g1f06aea511 (webtiles) character file.

Game seed: 11238445764475267858

2567 Borgoz the Skirmisher (level 9, -15/79 HPs)
             Began as a Ghoul Gladiator on Jan 18, 2021.
             Was a Follower of Okawaru.
             Killed from afar by an orc warrior (20 damage)
             ... with a bolt of acid
             ... on level 8 of the Dungeon.
             The game lasted 00:10:34 (8308 turns).

Borgoz the Skirmisher (Ghoul Gladiator)             Turns: 8308, Time: 00:10:35

Health: -15/79     AC:  2    Str: 18    XL:     9   Next: 57%
Magic:  0/8        EV: 14    Int:  3    God:    Okawaru [*.....]
Gold:   443        SH:  0    Dex: 13    Spells: 5/8 levels left

rFire    . . .     SeeInvis .   a - +1 scimitar
rCold    + . .     Faith    .   (no shield)
rNeg     + + +     Spirit   +   c - +0 ring mail
rPois    ∞         Reflect  .   r - +2 helmet
rElec    .         Harm     .   n - +0 cloak (curse)
rCorr    .         Rampage  .   (no gloves)
Will     .....                  (no boots)
Stlth    +.........             i - amulet of guardian spirit
HPRegen  0.00/turn              (no ring)
MPRegen  0.11/turn              (no ring)

@: about to teleport, corroded
A: claws 1, cold resistance 1, negative energy resistance 3, inhibited
regeneration, torment resistance, unbreathing
a: Renounce Religion, Heroism


You were on level 8 of the Dungeon.
You worshipped Okawaru.
Okawaru was aware of your devotion.
You visited 2 branches of the dungeon, and saw 9 of its levels.
You also visited: Sewer.

You collected 443 gold pieces.

Inventory:

Hand Weapons
 a - a +1 scimitar (weapon)
Missiles
 d - 2 throwing nets (quivered)
Armour
 c - a +0 ring mail (worn)
 n - a cursed +0 cloak (worn)
 r - a +2 helmet (worn)
Jewellery
 i - an amulet of guardian spirit (around neck)
Wands
 f - a wand of digging (6)
 p - a wand of flame (18)
Scrolls
 e - 6 scrolls of teleportation
 m - 3 scrolls of remove curse
Potions
 b - 3 potions of magic
 g - a potion of resistance
 h - 4 potions of flight
 j - a potion of heal wounds
 l - a potion of curing
 o - 3 potions of attraction {unknown}
 s - 2 potions of ambrosia


   Skills:
 + Level 7.3 Fighting
 + Level 6.3 Long Blades
 - Level 1.7 Throwing
 + Level 5.6 Armour
 + Level 6.4 Dodging


You had 5 spell levels left.
You knew the following spells:

 Your Spells              Type           Power        Failure   Level
a - Confusing Touch       Hex            0%           97%         3

Your spell library contained the following spells:

 Spells                   Type           Power        Failure   Level
 Gell's Gravitas          Tloc           0%           97%         3
 Petrify                  Tmut/Erth      0%           100%        4
 Metabolic Englaciation   Hex/Ice        0%           100%        5
 Yara's Violent Unravell  Hex/Tmut       0%           100%        5


Dungeon Overview and Level Annotations

Branches:
Dungeon (8/15)             Temple (1/1) D:6           Sewer (visited)
   Lair: D:8-11

Altars:
Ashenzari
Cheibriados
Dithmenos
Elyvilon
Fedhas
Gozag
Hepliaklqana
Kikubaaqudgha
Makhleb
Nemelex Xobeh
Okawaru
Qazlal
Ru
Sif Muna
Trog
Uskayaw
Vehumet
Wu Jian
Xom
Yredelemnul
Zin
The Shining One

Shops:
D:7 :


Innate Abilities, Weirdness & Mutations

You thrive by killing the living.
You are immune to poison.
You have sharp fingernails.
Your flesh is cold resistant. (rC+)
You are immune to negative energy. (rN+++)
You do not regenerate when monsters are visible.
You are immune to unholy pain and torment.
You can survive without breathing.


Message History

The orc wizard hits you from afar with a +0 trident.
You barely miss the orc warrior. The orc hits you but does no damage.
The orc wizard closely misses you.
The orc warrior zaps a wand.
The bolt of acid hits you!! The acid corrodes you!
You are splashed with acid!
* * * LOW HITPOINT WARNING * * *
Okay, then.
As you read the scroll of teleportation, it crumbles to dust.
You feel strangely unstable. The orc wizard barely misses you.
The orc hits you with a +0 hand axe.
* * * LOW HITPOINT WARNING * * *
The orc warrior barely misses you.
You riposte.
Your ring mail prevents you from hitting the orc warrior.
The bullfrog hits you!
* * * LOW HITPOINT WARNING * * *
The orc wizard points at itself and mumbles some strange words.
The orc wizard flickers and vanishes!
Deactivating autopickup; reactivate with Ctrl-A.
The orc zaps a wand.
You easily resist.
The orc warrior zaps a wand.
The bolt of acid hits you!!
You die...

.#..# ###. ..
#.........
...####.#..##..
#..........#.##.
+..#.....P.....
#+#......P.....######.
..........8...........
..........88..†....#
...<..nF@...)...####
....[..............#
......oo.......[<..#
......{............#
...............###....8
...z...........# ####..
...............#
...............#
...............#


You could see an orc warrior, a necrophage, a bullfrog, a wight and an orc.

Vanquished Creatures
  A troll (D:7)
  Menkaure (D:4)
  A black bear (D:8)
  A necrophage (D:8)
  2 sky beasts
  3 ogres (D:6)
  A centaur (D:5)
  2 bullfrogs
  Blork the orc (D:6)
  A water moccasin zombie (D:8)
  A scorpion (D:6)
  A wight (D:7)
  5 killer bees
  2 howler monkeys
  2 hounds
  A jelly (D:7)
  An orc priest (D:8)
  2 orc wizards (D:4)
  Terence (D:3)
  3 iguanas
  2 merfolk sirens (Sewer)
  7 worker ants
  A merfolk avatar (Sewer)
  An ogre zombie (D:6)
  A hound skeleton (D:8)
  2 worker ant zombies
  Robin (D:3)
  2 gnoll zombies (D:6)
  12 adders
  2 river rats (Sewer)
  A shadow imp (D:5)
  An ufetubus (D:6)
  2 worms
  2 dart slugs
  9 leopard geckos
  13 orcs
  5 ball pythons (Sewer)
  6 bats
  10 giant cockroaches
  20 goblins
  4 hobgoblins
  16 jackals
  4 quokkas
  A ball python skeleton (D:4)
  A ball python zombie (D:3)
  7 frilled lizards
  13 kobolds
  A leopard gecko zombie (D:5)
  27 rats
207 creatures vanquished.

Vanquished Creatures (others)
  4 jackals (D:6)
  2 withered plants (D:8)
6 creatures vanquished.

Grand Total: 213 creatures vanquished

Notes
Turn   | Place    | Note
-------+----------+-------------------------------------------
     0 | D:1      | Borgoz the Ghoul Gladiator began the quest for the Orb.
     0 | D:1      | Reached XP level 1. HP: 17/17 MP: 0/0
   214 | D:1      | Reached XP level 2. HP: 25/25 MP: 1/1
   742 | D:1      | Reached XP level 3. HP: 30/30 MP: 2/2
   865 | D:2      | Reached skill level 1 in Armour
  1266 | D:2      | Reached skill level 3 in Fighting
  1266 | D:2      | Reached XP level 4. HP: 38/38 MP: 3/3
  1569 | D:2      | Found a hazy altar of Hepliaklqana.
  1770 | D:2      | HP: 1/38 [goblin (2)]
  2144 | D:3      | Reached XP level 5. HP: 28/45 MP: 4/4
  2234 | D:3      | Noticed Terence
  2244 | D:3      | Killed Terence
  2253 | D:3      | Noticed Robin
  2261 | D:3      | Killed Robin
  2551 | D:4      | Reached XP level 6. HP: 39/52 MP: 5/5
  2683 | D:4      | You fall into a shaft and drop 2 floors!
  2689 | D:6      | Noticed Blork the orc
  2700 | D:6      | Killed Blork the orc
  2701 | D:6      | Reached skill level 4 in Fighting
  2753 | D:6      | Reached XP level 7. HP: 37/60 MP: 6/6
  2827 | D:6      | Reached skill level 5 in Fighting
  3068 | D:6      | Found a transporter.
  3097 | D:6      | Found a transporter.
  3135 | D:6      | Found a staircase to the Ecumenical Temple.
  3221 | D:6      | Found a glowing drain.
  3248 | Sewer    | Entered a sewer
  3365 | Sewer    | Reached XP level 8. HP: 35/68 MP: 7/7
  4651 | D:5      | Entered Level 5 of the Dungeon
  4682 | D:5      | Reached skill level 5 in Dodging
  4748 | D:4      | Noticed Menkaure
  4754 | D:4      | Killed Menkaure
  4755 | D:4      | Reached skill level 5 in Long Blades
  5639 | D:5      | Reached skill level 6 in Fighting
  6326 | Temple   | Entered the Ecumenical Temple
  6589 | Temple   | Became a worshipper of Warmaster Okawaru
  6696 | D:7      | Got a bloodstained flail
  6697 | D:7      | Identified the +6 flail "Meeneolu" {drain, rPois} (You
                  | found it on level 7 of the Dungeon)
  6827 | D:7      | Reached XP level 9. HP: 74/78 MP: 6/8
  6941 | D:7      | Found Iklaelur's Book Boutique.
  7155 | D:7      | Noticed a troll
  7174 | D:7      | Killed a troll
  7175 | D:7      | Reached skill level 5 in Armour
  7562 | D:7      | Reached * piety under Okawaru
  7656 | D:7      | Reached skill level 7 in Fighting
  7833 | D:7      | Learned a level 3 spell: Confusing Touch
  8308 | D:8      | Killed from afar by an orc warrior

Illustrated notes

Levels and vault maps discovered:
D:1:      dpeg_arrival_solitude, layout_loops_ring
D:2:      layout_basic, general_overflow_altar
D:3:      layout_rooms, uniq_robin, uniq_terence
D:4:      layout_basic, uniq_menkaure
D:5:      layout_basic
D:6:      gammafunk_cloud_chamber, layout_basic, lemuel_temple_firewalk_b,
          portal_sewer_entry_f, uniq_blork_the_orc
D:7:      layout_basic, serial_shops,
          nicolae_shop_temple_entry_statues_fountains
D:8:      layout_rooms, serial_shops, kennysheep_mini_moat, serial_undead,
          serial_undead_c, serial_undead_c, serial_undead_c, serial_undead_e,
          serial_undead_f, serial_undead_c, serial_undead_c,
          okawaru_ov_weapons_minmay
Temple:   roderic_octagonal_lattice_temple

Skill      XL: |  1  2  3  4  5  6  7  8  9 |
---------------+----------------------------+-----
Long Blades    | 3 4 5 6 |  6.3
Dodging        | 3 4 5 6 |  6.4
Armour         | 1 2 3 4 5 |  5.6
Fighting       | 3 4 5 6 7 |  7.3
Throwing       | |  1.7

Action                   |  1- 3 |  4- 6 |  7- 9 || total
-------------------------+-------+-------+-------++-------
Melee: Long sword        |    98 |   206 |   171 ||   475
       Scimitar          |       |       |   290 ||   290
Throw: Throwing net      |       |       |     4 ||     4
  Use: Scroll            |       |    12 |     7 ||    19
       Potion            |       |     5 |     6 ||    11
 Stab: Invisible         |       |     1 |     4 ||     5
Armor: Leather armour    |    39 |    59 |       ||    98
       Ring mail         |       |    40 |   229 ||   269
Dodge: Dodged            |    85 |   208 |   422 ||   715
       Rpst.: Long sword |    23 |    60 |    38 ||   121
       Scimitar          |       |       |    72 ||    72
